 Dungeon Crawl Stone Soup version 0.16.2-12-gd0ad4c3 (webtiles) character file.

38 AlmightyPrime the Ruffian (level 3, -6/54 HPs)
             Began as a Troll Berserker on Aug 22, 2017.
             Was a Believer of Trog.
             Killed from afar by Natasha (7 damage)
             ... with a wand of magic darts
             ... on level 3 of the Dungeon.
             The game lasted 00:04:23 (546 turns).

AlmightyPrime the Ruffian (Troll Berserker)          Turns: 546, Time: 00:04:23

Health: -6/54      AC:  5    Str: 31    XL:     3   Next: 25%
Magic:  2/2        EV:  6    Int:  3    God:    Trog [**....]
Gold:   17         SH:  8    Dex:  9    Spells: 0 memorised, 2 levels left

rFire  . . .     SeeInvis .       - Unarmed
rCold  . . .     Clarity  .     b - +0 animal skin
rNeg   . . .     SustAb   .     f - +0 shield
rPois  .         Gourm    +     (helmet restricted)
rElec  .         Spirit   .     (no cloak)
rCorr  .         Warding  .     (gloves unavailable)
rMut   .         Stasis   .     (boots unavailable)
MR     .....                    (no amulet)
Stlth  ..........               (no ring)
                                g - ring of stealth

@: berserking (expiring), very quick, not resistant to hostile enchantments,
extremely unstealthy
A: unfitting armour, claws 3, fast metabolism 3, gourmand, regeneration 2,
shaggy fur 1, tough skin 2
a: Burn Spellbooks, Berserk, Trog's Hand, Renounce Religion


You were on level 3 of the Dungeon.
You worshipped Trog.
Trog was pleased with you.
You were very full.

You visited 1 branch of the dungeon, and saw 3 of its levels.

You collected 17 gold pieces.

Inventory:

Armour
 b - a +0 animal skin (worn)
 f - a +0 shield (worn)
Jewellery
 g - a ring of stealth (left claw)
Scrolls
 e - 3 scrolls of immolation {unknown}
 i - a scroll of identify {unknown}
Potions
 h - a potion of haste {unknown}
 j - a potion of might {unknown}
Comestibles
 a - 2 meat rations
 c - a bread ration
 d - 2 fruits


   Skills:
 - Level 2.4 Fighting
 - Level 1.5 Armour
 - Level 1.5 Dodging
 * Level 2.0 Stealth
 - Level 3.0 Unarmed Combat


You had 2 spell levels left.
You didn't know any spells.

Dungeon Overview and Level Annotations

Branches:
Dungeon (3/15)

Altars:
Nemelex Xobeh
Ru

Annotations:
D:3 Natasha


Innate Abilities, Weirdness & Mutations

You are too large for most types of armour.
You have claws for hands.
Your metabolism is lightning-fast.
You like to eat raw meat.
You heal very quickly.
You are covered in fur (AC +1).
You have very tough skin (AC +2).


Message History

Natasha zaps a wand.
The magic dart hits you!
* * * LOW HITPOINT WARNING * * *
You scratch Natasha.
Natasha begins to bleed from her wounds!
Natasha is moderately wounded.
You barely miss Natasha.
Natasha is moderately wounded.
Natasha claws you.
* * * LOW HITPOINT WARNING * * *
You closely miss Natasha.
Natasha is moderately wounded.
Natasha howls an incantation.
Natasha shimmers violently.
Natasha stares at you and mumbles some strange words.
The magic dart hits you!
* * * LOW HITPOINT WARNING * * *
You closely miss Natasha.
Natasha is moderately wounded.
Natasha zaps a wand.
The magic dart hits you!
You die...

##?....###.####.####.#
#.......##.#.......#.#
#......?##.#.##.##.#.#.
#.......##.#.#...#.#.#.
###.....#....(.._.......
#...5..5..#.#.#...#.#[#.
#.###.#5###.#.##.##.#.#
#.#h#.#.#..)....#.#
#.#@#.#.####.####.#
#.#ยง#[#...........#
#.#.#.######.######
#.....[.......#
##.##.......#.# #..
#.......#.#
#.....##.##.##<#
............##.#
#.....###.####>#


You could see Natasha (bleeding), a white imp and a shadow imp.

Vanquished Creatures
  2 adders (D:2)
  A white imp (D:3)
  2 oozes (D:2)
  An orc (D:3)
  A bat (D:2)
  A giant cockroach (D:3)
  4 goblins
  2 hobgoblins
  A kobold (D:2)
  A quokka (D:2)
  A rat (D:3)
17 creatures vanquished.

Notes
Turn   | Place    | Note
--------------------------------------------------------------
     0 | D:1      | AlmightyPrime, the Troll Berserker, began the quest for the Orb.
     0 | D:1      | Reached XP level 1. HP: 22/22 MP: 1/1
    84 | D:2      | Reached skill level 1 in Stealth
    84 | D:2      | Reached XP level 2. HP: 22/29 MP: 1/1
   289 | D:2      | Found a sparkling altar of Nemelex Xobeh.
   320 | D:2      | Reached XP level 3. HP: 22/36 MP: 2/2
   440 | D:3      | Found a sacrificial altar of Ru.
   467 | D:3      | Acquired Trog's second power
   525 | D:3      | Noticed Natasha
   545 | D:3      | HP: 1/54 [Natasha/magic dart (4)]
   546 | D:3      | Killed from afar by Natasha

Action                   || total
-------------------------++-------
Melee: Unarmed           ||    58
Invok: Berserk           ||     1
  Eat: Chunk             ||     7
       Fruit             ||     2
